 Dungeon Crawl Stone Soup version 0.22.1-2-g9c5b331 (webtiles) character file.

90 woundedspider the Insei (level 4, 0/28 HPs)
             Began as an Octopode Transmuter on Jan 4, 2019.
             Slain by an orc (3 damage)
             ... on level 3 of the Dungeon.
             The game lasted 00:05:30 (1828 turns).

woundedspider the Insei (Octopode Transmuter)       Turns: 1828, Time: 00:05:30

Health: 0/28       AC:  1    Str:  9    XL:     4   Next: 56%
Magic:  7/7        EV: 13    Int: 16    God:
Gold:   78         SH:  0    Dex: 12    Spells: 6/7 levels left

rFire    + . .     SeeInvis .     - Unarmed
rCold    . . .     Gourm    .   (no shield)
rNeg     . . .     Faith    +   (helmet restricted)
rPois    .         Spirit   .   e - amulet of faith
rElec    .         Reflect  .   h - ring of protection from fire (curse)
rCorr    .         Harm     .   q - ring of protection from magic
MR       +....                  (no ring)
Stlth    ++........             (no ring)
HPRegen  0.09/turn              (no ring)
MPRegen  0.10/turn              (no ring)
                                (no ring)
                                (no ring)

@: lethally poisoned (0 -> -3)
A: almost no armour, stealthy swim, amphibious, 8 rings, constrict 8, camouflage
1, gelatinous body 1
a: no special abilities


You were on level 3 of the Dungeon.
You were hungry.

You visited 1 branch of the dungeon, and saw 3 of its levels.

You collected 78 gold pieces.

Inventory:

Missiles
 a - 72 arrows
Jewellery
 e - an amulet of faith (around mantle)
 h - a cursed ring of protection from fire (left tentacle)
 q - a ring of protection from magic (right tentacle)
Scrolls
 d - a scroll of noise {unknown}
 f - a scroll of fog {unknown}
 g - 5 scrolls of identify {unknown}
 j - 5 scrolls of remove curse {unknown}
 l - a scroll of magic mapping {unknown}
 n - 3 scrolls of fear {unknown}
 o - 3 scrolls of immolation {unknown}
 p - a scroll of teleportation {unknown}
Potions
 b - 4 potions of lignification {unknown}
 i - a potion of agility {unknown}
 k - a potion of might {unknown}
 m - 2 potions of flight {unknown}
Comestibles
 c - 2 rations


   Skills:
 - Level 1.0 Fighting
 - Level 2.0 Dodging
 + Level 5.0 Unarmed Combat
 - Level 2.0 Spellcasting
 - Level 2.2 Transmutations


You had 6 spell levels left.
You knew the following spells:

 Your Spells              Type           Power        Failure   Level  Hunger
a - Beastly Appendage     Tmut           #.....       9%          1    #......

Your spell library contained the following spells:

 Spells                   Type           Power        Failure   Level  Hunger
 Sticks to Snakes         Tmut           #.......     12%         2    ###....
 Spider Form              Tmut/Pois      #.........   36%         3    ###....
 Ice Form                 Ice/Tmut       #.......     78%         4    #####..
 Blade Hands              Tmut           #.........   92%         5    ######.


Dungeon Overview and Level Annotations

Branches:
Dungeon (3/15)

Altars:
Cheibriados
Kikubaaqudgha
The Shining One

Annotations:
D:3 Grinder


Innate Abilities, Weirdness & Mutations

You cannot wear most types of armour.
You are very stealthy in the water. (Stealth+)
You are amphibious.
You can wear up to eight rings at the same time.
You can use your tentacles to constrict eight enemies at once.
Your skin changes colour to match your surroundings (Stealth+).
Your rubbery body absorbs attacks. (AC +1, EV +1)


Message History

An orc priest comes into view. It is wielding a short sword.
Grinder hits you!
The orc priest shouts!
You tentacle-slap Grinder but do no damage.
Grinder is moderately wounded.
You constrict Grinder, but do no damage.
The orc wizard points at you and mumbles some strange words.
The magic dart hits you!
* * * LOW HITPOINT WARNING * * *
Grinder barely misses you.
You tentacle-slap Grinder but do no damage.
You squeeze Grinder.
Grinder is moderately wounded.
You constrict Grinder.
* * * LOW HITPOINT WARNING * * *
You feel sick.
A rat comes into view.
Grinder struggles to blink free from constriction.
The orc hits you.
You die...

.... ...#.
##.#..
....# .
....#..
###.......
#.<.....#r
#.....S...
#.@oo.#...
#.†5.#....
#....# ...
..##?.. .[
#.# .... .
#. ##....
#. ..#. ..
.#


You could see Grinder, an orc wizard, an adder, an orc and a rat.

Vanquished Creatures
  A gnoll (D:1)
  4 adders
  A leopard gecko (D:1)
  2 giant cockroaches (D:1)
  5 goblins
  7 hobgoblins
  3 ball pythons
  6 bats
  2 frilled lizards
  6 kobolds
  10 rats
47 creatures vanquished.

Notes
Turn   | Place    | Note
-------+----------+-------------------------------------------
     0 | D:1      | woundedspider the Octopode Transmuter began the quest for
                  | the Orb.
     0 | D:1      | Reached XP level 1. HP: 13/13 MP: 3/3
   295 | D:1      | Reached XP level 2. HP: 2/18 MP: 5/5
   647 | D:1      | Reached XP level 3. HP: 22/23 MP: 6/6
   654 | D:1      | Reached skill level 4 in Unarmed Combat
  1177 | D:2      | Found a snail-covered altar of Cheibriados.
  1236 | D:2      | Noticed a bullfrog
  1309 | D:2      | Reached XP level 4. HP: 23/28 MP: 7/7
  1667 | D:2      | Found a glowing golden altar of the Shining One.
  1769 | D:2      | Found an ancient bone altar of Kikubaaqudgha.
  1817 | D:3      | Noticed Grinder
  1822 | D:3      | Reached skill level 5 in Unarmed Combat
  1822 | D:3      | Paralysed by Grinder for 2 turns
  1828 | D:3      | Slain by an orc

Skill      XL: |  1  2  3  4 |
---------------+-------------+-----
Unarmed Combat | 4 5 |  5.0
Fighting       | |  1.0
Dodging        | |  2.0
Spellcasting   | |  2.0
Transmutations | |  2.2

Action                   |  1- 3 |  4- 6 || total
-------------------------+-------+-------++-------
Melee: Unarmed           |    74 |    36 ||   110
       Constrict         |    20 |     9 ||    29
       Tentacles         |     6 |     5 ||    11
       Punch             |       |     2 ||     2
 Stab: Sleeping          |     5 |     3 ||     8
  Eat: Chunk             |     1 |     1 ||     2
Armor: Skin              |     9 |     9 ||    18
Dodge: Dodged            |    47 |    27 ||    74
